 Dungeon Crawl Stone Soup version 0.29-a0-732-g3d7fbe0af2 (webtiles) character file.

Game seed: 5210486772691462333

440 zeratav the Skirmisher (level 6, 0/30 HPs)
             Began as a Spriggan Hunter on June 29, 2022.
             Slain by a centaur (6 damage)
             ... on level 4 of the Dungeon.
             The game lasted 00:04:07 (3759 turns).

zeratav the Skirmisher (Spriggan Hunter)            Turns: 3759, Time: 00:04:08

Health: 0/30       AC:  3    Str:  7    XL:     6   Next: 70%
Magic:  7/7        EV: 18    Int: 10    God:
Gold:   186        SH:  0    Dex: 21    Spells: 5/5 levels left

rFire   . . .      SeeInvis +   a - +0 shortbow {bow}
rCold   . . .      Faith    .   (shield currently unavailable)
rNeg    . . .      Spirit   .   c - +0 robe
rPois   .          Reflect  .   (helmet restricted)
rElec   .          Harm     .   g - +0 cloak
rCorr   .          Rampage  .   (gloves unavailable)
Will    +....                   (boots unavailable)
Stlth   ++........              (no amulet)
HPRegen 0.10/turn               (no ring)
MPRegen 0.10/turn               (no ring)

@: very quick
A: very small, no large weapons, unfitting armour, see invisible, speed 3
a: no special abilities


You were on level 4 of the Dungeon.
You visited 1 branch of the dungeon, and saw 4 of its levels.

You collected 200 gold pieces.
You spent 14 gold pieces at shops.


Innate Abilities, Weirdness & Mutations

You are very small and have problems with some larger weapons.
You are too small for most types of armour.
You have supernaturally acute eyesight. (SInv)
You cover ground extremely quickly. (Speed+++)


   Skills:
 - Level 1.5 Fighting
 + Level 9.7 Ranged Weapons
 - Level 2.6 Dodging
 - Level 1.5 Stealth


You had 5 spell levels left.
You didn't know any spells.
Your spell library contained the following spells:

 Spells                   Type           Power      Damage    Failure   Level
 Sting                    Tmut/Pois      0%         1d3       36%         1
 Blink                    Tloc           0%         N/A       50%         2
 Poisonous Vapours        Pois/Air       0%         N/A       50%         2
 Static Discharge         Conj/Air       0%         N/A       50%         2
 Ignite Poison            Fire/Tmut/Pois 0%         N/A       75%         3
 Mephitic Cloud           Conj/Pois/Air  0%         N/A       75%         3
 Olgreb's Toxic Radiance  Pois           0%         N/A       98%         4
 Freezing Cloud           Conj/Ice/Air   0%         6-21      100%        5
 Lightning Bolt           Conj/Air       0%         1d11      100%        5
 Manifold Assault         Tloc           0%         N/A       100%        5
 Storm Form               Tmut/Air       0%         N/A       100%        7
 Maxwell's Capacitive Co  Air            0%         ∞         100%        8

Inventory:

Hand Weapons
 a - a +0 shortbow (weapon) {bow}
Armour
 c - a +0 robe (worn)
 g - a +0 cloak (worn)
   (You found it on level 1 of the Dungeon)
Wands
 r - a wand of polymorph (5)
   (You took it off Natasha on level 3 of the Dungeon)
Scrolls
 b - a scroll of immolation {!r!r}
 d - 4 scrolls of identify {unknown}
 f - a scroll of vulnerability {unknown}
 i - a scroll of fog {unknown}
 o - a scroll of teleportation {unknown}
 q - a scroll of amnesia {unknown}
 s - a scroll of poison {unknown}
 t - a scroll of noise {unknown}
Potions
 e - 2 potions of berserk rage {unknown}
 h - 4 potions of flight {unknown}
 j - a potion of haste {unknown}
 k - a potion of resistance {unknown}
 l - a potion of attraction {unknown}
 m - a potion of cancellation {unknown}
 n - a potion of heal wounds {unknown}
 p - 2 potions of ambrosia {unknown}
 u - a potion of brilliance {unknown}

Dungeon Overview and Level Annotations

Branches:
Dungeon (4/15) Zot: 21257
 Temple: D:4-7

Altars:
Kikubaaqudgha
Makhleb
Ru
Sif Muna
Trog
Beogh

Shops:
D:2 !   D:3 [

Annotations:
D:4 Menkaure

#..# #.... #..# ##... #..# ##..
#..# ##. ####..# ###. #.##..####
#######...
...#.....###############.........
)...............................#
.....#####......@..######...#..##
[...## ##.....c...# #......#
.....# #.........## #......#
.....# #..........# #.....##
.....# ##.........# ##....#
.....# #.........## ###.## .....#
##.........# #.# .....#
#.|.......# .....# ###.....###


You could see a centaur.


Message History

Your body is wracked with pain!
* * * LOW HITPOINT WARNING * * *
HP[-2]
You take 2 damage, and now have 5/30 hp.
HP[+1] HP[+1] HP[+1]
You see here a +0 giant club {mace}.
You start resting.
HP[+22]
Your hp is fully restored (30).
You see here a ball python skeleton.
You shoot an arrow.
The arrow completely misses the centaur.
The centaur shouts!
The centaur shoots an arrow.
The arrow hits you!
HP[-7]
You take 7 damage, and now have 23/30 hp.
MASSIVE DAMAGE!! (PAUSE)
You shoot an arrow. The arrow hits the centaur.
The centaur shoots an arrow.
The arrow hits you!
* * * LOW HITPOINT WARNING * * *
The centaur shoots an arrow.
The arrow completely misses you.
HP[-9]
You take 9 damage, and now have 14/30 hp.
MASSIVE DAMAGE!! (PAUSE)
You are too injured to fight recklessly!
Really attack while wielding your +0 shortbow {bow}? [Y]es or [N]o only, please.
Really attack while wielding your +0 shortbow {bow}? [Y]es or [N]o only, please.
Really attack while wielding your +0 shortbow {bow}?
Okay, then.
You are too injured to fight recklessly!
You are too injured to fight recklessly!
You are too injured to fight recklessly!
You are too injured to fight recklessly!
Unknown command.
Fire: a) +0 shortbow {bow}
Press: ? - help, Q - select action, (/) - cycle Shift-Dir - straight line, f/p - centaur
Aim: a centaur, wielding a +0 shortbow (moderately wounded)
You shoot an arrow. The arrow hits the centaur.
The centaur unwields a +0 shortbow.
The centaur closely misses you. The centaur completely misses you.
Fire: a) +0 shortbow {bow}
Press: ? - help, Q - select action, (/) - cycle Shift-Dir - straight line, f/p - centaur
Aim: a centaur (moderately wounded)
You shoot an arrow.
The arrow hits the centaur but does no damage.
The centaur closely misses you.
The centaur kicks you but does no damage.
The centaur hits you.
* * * LOW HITPOINT WARNING * * *
The centaur closely misses you.
HP[-3]
You take 3 damage, and now have 11/30 hp.
Fire: a) +0 shortbow {bow}
Press: ? - help, Q - select action, (/) - cycle Shift-Dir - straight line, f/p - centaur
Aim: a centaur (moderately wounded)
You shoot an arrow. The arrow hits the centaur!
The centaur hits you but does no damage.
The centaur kicks you but does no damage.
Fire: a) +0 shortbow {bow}
Press: ? - help, Q - select action, (/) - cycle Shift-Dir - straight line, f/p - centaur
Aim: a centaur (heavily wounded)
You shoot an arrow.
The arrow hits the centaur but does no damage.
The centaur hits you.
* * * LOW HITPOINT WARNING * * *
The centaur closely misses you. The centaur misses you.
The centaur barely misses you.
HP[-3]
You take 3 damage, and now have 8/30 hp.
Fire: a) +0 shortbow {bow}
Press: ? - help, Q - select action, (/) - cycle Shift-Dir - straight line, f/p - centaur
Aim: a centaur (heavily wounded)
You shoot an arrow. The arrow barely misses the centaur.
The centaur barely misses you.
The centaur kicks you but does no damage.
Fire: a) +0 shortbow {bow}
Press: ? - help, Q - select action, (/) - cycle Shift-Dir - straight line, f/p - centaur
Aim: a centaur (heavily wounded)
You shoot an arrow. The arrow barely misses the centaur.
The centaur misses you. The centaur barely misses you.
The centaur completely misses you. The centaur misses you.
Fire: a) +0 shortbow {bow}
Press: ? - help, Q - select action, (/) - cycle Shift-Dir - straight line, f/p - centaur
Aim: a centaur (heavily wounded)
You shoot an arrow.
The arrow hits the centaur but does no damage.
The centaur closely misses you. The centaur kicks you.
* * * LOW HITPOINT WARNING * * *
HP[-3]
You take 3 damage, and now have 5/30 hp.
Fire: a) +0 shortbow {bow}
Press: ? - help, Q - select action, (/) - cycle Shift-Dir - straight line, f/p - centaur
Aim: a centaur (heavily wounded)
You shoot an arrow. The arrow hits the centaur!
The centaur hits you.
You die...

Skill      XL: |  1  2  3  4  5  6 |
---------------+-------------------+-----
Ranged Weapons | 5 6 7 8 9 |  9.7
Fighting       | |  1.5
Dodging        | |  2.6
Stealth        | |  1.5

Action                   |  1- 3 |  4- 6 || total
-------------------------+-------+-------++-------
 Fire: Shortbow          |   139 |   132 ||   271
Armor: Robe              |    10 |     6 ||    16
Dodge: Dodged            |    42 |    50 ||    92

Levels and vault maps discovered:
D:1:      wander_arrival_lonely_grave, layout_rooms,
          hellmonk_ecumenical_altar_defaced_shrine, minmay_3d_cube
D:2:      minmay_evil_eye, layout_basic, serial_shops,
          nicolae_shop_hallway_plus, basic_altar, roderic_serpentine_path,
          minmay_misc_feat_ornament
D:3:      layout_loops_ring, mainiacjoe_overflow_catwalk,
          mainiacjoe_overflow_alcove_1, makhleb_altar_promises_db,
          mainiacjoe_overflow_brackets, serial_shops, shop, uniq_natasha
D:4:      layout_cave_pods, minmay_a_box_with_orc_wizards_in_it, uniq_menkaure

Notes
Turn   | Place    | Note
-------+----------+-------------------------------------------
     0 | D:1      | zeratav the Spriggan Hunter began the quest for the Orb.
     0 | D:1      | Reached XP level 1. HP: 10/10 MP: 2/2
     0 | D:1      | magus.rc [v1.9.6]
    10 | D:1      | Reached skill level 5 in Ranged Weapons
    92 | D:1      | Reached XP level 2. HP: 14/14 MP: 3/3
   263 | D:1      | Found a faded altar of an unknown god.
   314 | D:1      | Reached skill level 6 in Ranged Weapons
   354 | D:1      | Reached XP level 3. HP: 18/18 MP: 4/4
   389 | D:1      | You add the spells Blink, Manifold Assault and Storm Form
                  | to your library.
   716 | D:2      | Found Juutt's Distillery.
   732 | D:2      | Bought a potion of degeneration for 14 gold pieces
  1006 | D:2      | You pick up a book of Lightning and begin reading...
  1006 | D:2      | You add the spells Static Discharge, Lightning Bolt and
                  | Maxwell's Capacitive Coupling to your library.
  1025 | D:2      | Found a bloodstained altar of Trog.
  1405 | D:2      | Reached XP level 4. HP: 22/22 MP: 5/5
  1788 | D:3      | Noticed Natasha
  1795 | D:3      | Killed Natasha
  1796 | D:3      | Reached skill level 7 in Ranged Weapons
  1871 | D:3      | Found an ancient bone altar of Kikubaaqudgha.
  1990 | D:3      | Noticed Natasha
  1992 | D:3      | Killed Natasha
  2000 | D:3      | Reached XP level 5. HP: 25/25 MP: 6/6
  2024 | D:3      | You add the spells Ignite Poison, Mephitic Cloud and
                  | Freezing Cloud to your library.
  2131 | D:3      | Found a shimmering blue altar of Sif Muna.
  2160 | D:3      | Noticed Natasha
  2164 | D:3      | Killed Natasha
  2165 | D:3      | Reached skill level 8 in Ranged Weapons
  2191 | D:3      | Found a burning altar of Makhleb.
  2193 | D:3      | Noticed a blizzard demon
  2286 | D:3      | Found Tohoen's Antique Armour Emporium.
  2419 | D:3      | Found a sacrificial altar of Ru.
  2794 | D:4      | Reached XP level 6. HP: 16/30 MP: 7/7
  2797 | D:4      | HP: 7/30 [orc wizard/magic dart (8)]
  2797 | D:4      | HP: 3/30 [orc wizard/magic dart (4)]
  3106 | D:4      | You add the spells Sting, Poisonous Vapours and Olgreb's
                  | Toxic Radiance to your library.
  3144 | D:4      | Reached skill level 9 in Ranged Weapons
  3436 | D:4      | Noticed Menkaure
  3442 | D:4      | HP: 6/30 [centaur/arrow (8)]
  3450 | D:4      | HP: 5/30 [??? (2)]
  3758 | D:4      | HP: 5/30 [centaur (3)]
  3759 | D:4      | Slain by a centaur

Vanquished Creatures
  An ogre (D:4)
  A jelly (D:4)
  Natasha (thrice) (D:3)
  5 orc wizards (D:4)
  3 adders
  A worm (D:2)
  3 dart slugs
  8 orcs (D:4)
  8 ball pythons
  6 endoplasms
  4 giant cockroaches
  5 goblins
  5 hobgoblins
  11 kobolds
  3 quokkas
  10 bats
  6 frilled lizards
  5 rats
88 creatures vanquished.

Table legend:
 A = Non-vault XP
 B = Vault XP
 C = Vault XP percentage of total XP
 D = Non-vault monster count
 E = Vault monster count
 F = Vault count percentage of total count
                 A         B        C        D         E       F
            +---------+---------+-------+---------+---------+-------
      Total |     428 |     201 |  32.0 |      71 |      17 |  19.3
            +---------+---------+-------+---------+---------+-------
        D:1 |      34 |      21 |  38.2 |      23 |       9 |  28.1
        D:2 |      45 |       4 |   8.2 |      19 |       3 |  13.6
        D:3 |     110 |      35 |  24.1 |      12 |       1 |   7.7
        D:4 |     239 |     141 |  37.1 |      17 |       4 |  19.0
            +---------+---------+-------+---------+---------+-------

Illustrated notes

Table legend:
 A = Kills in this place as a percentage of kills in entire the game.
 B = Kills by you in this place as a percentage of kills by you in the entire game.
 C = Kills by friends in this place as a percentage of kills by friends in the entire game.
 D = Other kills in this place as a percentage of other kills in the entire game.
 E = Experience gained in this place as a percentage of experience gained in the entire game.
 F = Experience gained in this place divided by the number of levels of this place that you have seen.
                   A       B       C       D       E      F
               +-------+-------+-------+-------+-------+----------------------
         Total | 100.0 | 100.0 |   N/A |   N/A | 100.0 | 157.2
       Dungeon | 100.0 | 100.0 |   N/A |   N/A | 100.0 | 157.2
               +-------+-------+-------+-------+-------+----------------------

Table legend: (Time is in decaauts)
 A = Elapsed time spent in this place.
 B = Non-inter-level travel time spent in this place.
 C = Inter-level travel time spent in this place.
 D = Time resting spent in this place.
 E = Time spent auto-exploring this place.
 F = Levels seen in this place.
 G = Mean time per level.
                   A        B        C        D        E       F      G
               +--------+--------+--------+--------+--------+-----+--------+
         Total |   2741 |   2707 |     34 |    461 |   1750 |   4 |  685.2 |
       Dungeon |   2741 |   2707 |     34 |    461 |   1750 |   4 |  685.2 |
               +--------+--------+--------+--------+--------+-----+--------+

Top non-repeatable levels by time:
     D:4: 835 daAuts
     D:2: 730 daAuts
     D:3: 710 daAuts
     D:1: 464 daAuts
